 Dungeon Crawl Stone Soup version 0.21-a0-434-g806c6c2 (webtiles) character file.

167 slep the Slasher (level 5, -2/39 HPs)
             Began as a Demonspawn Gladiator on Nov 9, 2017.
             Slain by a phantom (7 damage)
             ... on level 4 of the Dungeon.
             The game lasted 00:11:21 (1830 turns).

slep the Slasher (Demonspawn Gladiator)             Turns: 1830, Time: 00:11:22

Health: -2/39      AC:  4    Str: 15    XL:     5   Next: 23%
Magic:  5/5        EV: 13    Int:  9    God:
Gold:   96         SH:  0    Dex: 15    Spells: 4/4 levels left

rFire    . . .     SeeInvis .   x - +2 hand axe (drain)
rCold    . . .     Gourm    .   (no shield)
rNeg     . . .     Faith    .   v - +0 leather armour
rPois    .         Spirit   .   c - +0 helmet
rElec    .         Reflect  .   w - scarf {cloud immunity}
rCorr    .         Harm     .   (no gloves)
MR       +....                  (no boots)
Stlth    +.........             (no amulet)
HPRegen  0.13/turn              e - ring of protection from magic
MPRegen  0.09/turn              (no ring)

@: drained
A: talons 2, sturdy frame 1
a: no special abilities


You were on level 4 of the Dungeon.
You were not hungry.

You visited 1 branch of the dungeon, and saw 4 of its levels.

You collected 96 gold pieces.

Inventory:

Hand Weapons
 a - a +0 long sword
 b - the +7 hunting sling of Nemelex Xobeh's Esteem {freeze, Dex+4 Stlth+}
   (You found it on level 4 of the Dungeon)

   It causes projectiles fired from it to freeze those they strike, causing
   extra injury to most foes and up to half again as much damage against
   particularly susceptible opponents.
   They can also slow down cold-blooded creatures.
   It affects your dexterity (+4).
   It makes you more stealthy.
 x - a +2 hand axe of draining (weapon)
Missiles
 d - 3 throwing nets (quivered)
 l - 4 poisoned tomahawks
Armour
 c - a +0 helmet (worn)
 v - a +0 leather armour (worn)
 w - a scarf of cloud immunity (worn)
Jewellery
 e - a ring of protection from magic (left hand)
Scrolls
 g - a scroll of identify {unknown}
 i - 2 scrolls of enchant weapon {unknown}
 j - 2 scrolls of teleportation {unknown}
 k - 2 scrolls of remove curse {unknown}
 p - 2 scrolls of amnesia {unknown}
 r - a scroll of fog {unknown}
Potions
 h - a potion of experience {unknown}
 m - a potion of lignification
 n - 2 potions of curing
 o - a potion of degeneration {unknown}
 t - a potion of brilliance {unknown}
 u - a potion of agility {unknown}
Comestibles
 f - a bread ration
 q - a royal jelly
 s - 7 chunks of flesh


   Skills:
 + Level 2.7(2.2) Fighting
 + Level 3.7(3.3) Long Blades
 + Level 2.0(1.6) Throwing
 + Level 1.7(1.3) Armour
 + Level 3.6(3.2) Dodging
 + Level 0.4(0.0) Stealth


You had 4 spell levels left.
You didn't know any spells.

Dungeon Overview and Level Annotations

Branches:
Dungeon (4/15)
 Temple: D:4-7

Altars:
Elyvilon
Trog
The Shining One


Innate Abilities, Weirdness & Mutations

You have razor-sharp toenails.
Your movements are slightly less encumbered by armour. (ER -2)


Message History

The phantom is almost destroyed.
The phantom blinks!
You closely miss the phantom.
The phantom is almost destroyed.
The phantom hits you!
* * * LOW HITPOINT WARNING * * *
The phantom blinks! x2
The phantom blinks!
The phantom blinks!
The phantom blinks!
The phantom blinks!
The phantom blinks!
You see here a hobgoblin skeleton.
You closely miss the phantom. Your kick misses the phantom.
The phantom is severely damaged.
The phantom blinks! x2
You hit the phantom but do no damage.
The phantom is severely damaged.
The phantom hits you!
You die...

[)#8.....8#
#.#.......#
#.#8.....8#
#.#....§..#
#.#8.....8#
#.#.......##+##
#.#8.....8#...##
####.#†W..........##
#...<).@..)........##
#......§####.........#
#..........'.........+
#.......####..[......#
##...#.## ##.......##
##.#### ##.....## #(#
##...## #.# ##'## #.#


You could see a phantom.

Vanquished Creatures
  A howler monkey (D:4)
  Natasha (D:3)
  4 adders
  2 dart slugs
  2 leopard geckos (D:2)
  3 orcs (D:4)
  2 ball pythons (D:2)
  4 bats
  4 giant cockroaches (D:2)
  9 goblins
  5 hobgoblins
  3 jackals (D:2)
  6 kobolds
  8 frilled lizards
  7 rats
61 creatures vanquished.

Notes
Turn   | Place    | Note
-------+----------+-------------------------------------------
     0 | D:1      | slep the Demonspawn Gladiator began the quest for the Orb.
     0 | D:1      | Reached XP level 1. HP: 16/16 MP: 1/1
   383 | D:1      | Gained mutation: You have sharp toenails. [demonic ancestry]
   383 | D:1      | Reached XP level 2. HP: 19/22 MP: 2/2
   784 | D:2      | Found a bloodstained altar of Trog.
   839 | D:2      | Gained mutation: Your movements are slightly less encumbered by armour. (ER -2) [demonic ancestry]
   839 | D:2      | Reached XP level 3. HP: 27/28 MP: 3/3
  1199 | D:2      | Found a glowing golden altar of the Shining One.
  1205 | D:2      | Reached skill level 1 in Armour
  1312 | D:3      | Noticed Natasha
  1316 | D:3      | Killed Natasha
  1316 | D:3      | Reached XP level 4. HP: 34/34 MP: 4/4
  1402 | D:3      | Found a white marble altar of Elyvilon.
  1712 | D:4      | Got an iridescent hunting sling
  1726 | D:4      | Identified the +7 hunting sling of Nemelex Xobeh's Esteem {freeze, Dex+4 Stlth+} (You found it on level 4 of the Dungeon)
  1747 | D:4      | Gained mutation: You have razor-sharp toenails. [demonic ancestry]
  1747 | D:4      | Reached XP level 5. HP: 13/39 MP: 5/5
  1753 | D:4      | Noticed a phantom
  1772 | D:4      | HP: 1/39 [phantom (6)]
  1830 | D:4      | Slain by a phantom

Vault maps used:
D:1:      elethiomel_arrival_infinity_welcomes_careful_drivers
D:2:      lemuel_doored_altar, overflow_temple_1_default
D:3:      yredelemnul_forgotten_temple_becter, marbit_many_paths,
          nicolae_overflow_crystal_walls, uniq_natasha
D:4:      kennysheep_the_goblin_king, grunt_temple_overflow_open, first_bread,
          nemelex_dance_club_becter

Skill      XL: |  1  2  3 |
---------------+----------+-----
Dodging        | 3 |  3.6
Throwing       | 2 |  2.0
Long Blades    | 3 |  3.7
Armour         | 1 |  1.7
Fighting       | |  2.7
Stealth        | |  0.4

Action                   |  1- 3 |  4- 6 || total
-------------------------+-------+-------++-------
Melee: Long sword        |   109 |    58 ||   167
       Kick              |    28 |    12 ||    40
       Hand axe          |       |    14 ||    14
  Use: Potion            |       |     2 ||     2
 Stab: Sleeping          |     1 |       ||     1
  Eat: Chunk             |     1 |     2 ||     3
Armor: Leather armour    |    30 |    15 ||    45
       Skin              |       |     7 ||     7
Dodge: Dodged            |    79 |    38 ||   117
       Rpst.: Long sword |    25 |     9 ||    34

Table legend:
 A = Spawn XP
 B = Non-spawn XP
 C = Spawn XP percentage of total XP
 D = Spawn monster count
 E = Non-spawn monster count
 F = Spawn count percentage of total count
 G = Total turns spent on level
                    A         B        C        D         E        F      G
               +---------+---------+-------+---------+---------+-------+---------
         Total |       0 |     239 |   0.0 |       0 |      61 |   0.0 |  1830
               +---------+---------+-------+---------+---------+-------+---------
           D:1 |       0 |      22 |   0.0 |       0 |      14 |   0.0 |   735
           D:2 |       0 |      74 |   0.0 |       0 |      29 |   0.0 |   576
           D:3 |       0 |      66 |   0.0 |       0 |       6 |   0.0 |   354
           D:4 |       0 |      77 |   0.0 |       0 |      12 |   0.0 |   165
               +---------+---------+-------+---------+---------+-------+---------
